 Dungeon Crawl Stone Soup version 0.19.1 (webtiles) character file.

8397 lorenzova the Thaumaturge (level 11, 0/54 HPs)
             Began as a Deep Elf Conjurer on Dec 11, 2016.
             Was a Priest of Vehumet.
             Slain by an unseen horror (1 damage)
             ... on level 9 of the Dungeon.
             The game lasted 00:21:19 (11003 turns).

lorenzova the Thaumaturge (Deep Elf Conjurer)      Turns: 11003, Time: 00:21:20

Health: 0/54       AC: 10    Str:  5    XL:     11   Next: 9%
Magic:  22/40      EV: 12    Int: 24    God:    Vehumet [***...]
Gold:   481        SH:  0    Dex: 15    Spells: 3 memorised, 28 levels left

rFire  . . .     SeeInvis .     A - +1 dagger (venom)
rCold  . . .     Gourm    .     y - +1 leather armour {rPois}
rNeg   . . .     Faith    .     (no shield)
rPois  +         Spirit   .     r - +0 helmet
rElec  .         Reflect  .     J - +2 cloak
rCorr  .         Harm     .     x - +1 pair of gloves
MR     ++...                    (no boots)
Stlth  ++........               (no amulet)
                                P - ring of protection from magic
                                v - ring of magical power

@: no status effects
A: blink
a: Blink, Renounce Religion


You were on level 9 of the Dungeon.
You worshipped Vehumet.
Vehumet was most pleased with you.
You were very hungry.

You visited 2 branches of the dungeon, and saw 10 of its levels.

You collected 481 gold pieces.

Inventory:

Hand Weapons
 A - a +1 dagger of venom (weapon)
Armour
 r - a +0 helmet (worn)
 x - a +1 pair of gloves (worn)
 y - a +1 leather armour of poison resistance (worn)
 E - a +3 ring mail
 J - a +2 cloak (worn)
Jewellery
 a - an uncursed amulet of regeneration {unknown}
 k - an uncursed ring of ice
 v - a ring of magical power (left hand)
 H - a +3 ring of evasion
 P - a ring of protection from magic (right hand)
Wands
 B - a wand of teleportation (3/9)
 I - a wand of flame (21/48)
Scrolls
 e - 3 scrolls of teleportation {unknown}
 h - 3 scrolls of remove curse
 q - 3 scrolls of fog {unknown}
 s - 4 scrolls of noise {unknown}
 t - a scroll of enchant armour {unknown}
 F - a scroll of fear {unknown}
 K - a scroll of brand weapon {unknown}
 L - a scroll of immolation {unknown}
 M - 2 scrolls of magic mapping {unknown}
 N - a scroll of amnesia {unknown}
 Q - a scroll of holy word {unknown}
 S - a scroll of blinking {unknown}
 T - a scroll of identify
Potions
 d - 3 potions of haste {unknown}
 f - 2 potions of might
 i - 2 potions of agility
 j - 2 potions of cancellation {unknown}
 l - 6 potions of curing {unknown}
 o - a potion of invisibility {unknown}
 u - 3 potions of heal wounds {unknown}
 w - a potion of berserk rage {unknown}
 C - 3 potions of lignification {unknown}
 D - 2 potions of magic {unknown}
 G - a potion of degeneration {unknown}
 R - a potion of brilliance {unknown}
Books
 b - a book of Conjurations

   Spells                             Type                      Level
   a - Magic Dart                     Conjuration                  1
   b - Searing Ray                    Conjuration                  2
   c - Dazzling Spray                 Conjuration/Hexes            3
   d - Fulminant Prism                Conjuration/Hexes            4
   e - Iskenderun's Mystic Blast      Conjuration                  4
   f - Iskenderun's Battlesphere      Conjuration/Charms           5
 p - a book of Geomancy

   Spells                             Type                      Level
   a - Sandblast                      Earth                        1
   b - Passwall                       Transmutation/Earth          2
   c - Stone Arrow                    Conjuration/Earth            3
   d - Petrify                        Transmutation/Earth          4
   e - Lee's Rapid Deconstruction     Earth                        5
 z - a book of Battle

   Spells                             Type                      Level
   a - Infusion                       Charms                       1
   b - Shroud of Golubria             Charms/Translocation         2
   c - Song of Slaying                Charms                       2
   d - Spectral Weapon                Hexes/Charms                 3
   e - Regeneration                   Charms/Necromancy            3
Comestibles
 c - 9 bread rations
 g - 2 meat rations
 m - a beef jerky
 n - a slice of pizza
 O - a royal jelly


   Skills:
 - Level 2.4 Dodging
 - Level 2.4 Stealth
 * Level 14.1 Spellcasting
 * Level 12.5 Conjurations
 + Level 10.2 Charms


You had 28 spell levels left.
You knew the following spells:

 Your Spells              Type           Power        Failure   Level  Hunger
a - Magic Dart            Conj           ####         1%          1    None
b - Iskenderun's Battles  Conj/Chrm      ######..     1%          5    ##.....
c - Iskenderun's Mystic   Conj           ######..     1%          4    None


Dungeon Overview and Level Annotations

Branches:
Dungeon (9/15)             Temple (1/1) D:5
   Lair: D:8-11         Orc: D:9-12

Altars:
Ashenzari
Cheibriados
Dithmenos
Elyvilon
Fedhas
Gozag
Hepliaklqana
Kikubaaqudgha
Makhleb
Nemelex Xobeh
Okawaru
Qazlal
Ru
Sif Muna
Trog
Uskayaw
Vehumet
Xom
Yredelemnul
Zin
The Shining One

Shops:
D:5 }

Annotations:
D:9 2 runed doors


Innate Abilities, Weirdness & Mutations

You can translocate small distances at will.


Message History

* * * LOW HITPOINT WARNING * * *
Something hits you.
* * * LOW HITPOINT WARNING * * *
There is an open door here.
Something hits you.
* * * LOW HITPOINT WARNING * * *
Casting: Iskenderun's Mystic Blast
Confirm with . or Enter, or press ? or * to list all spells.
You conjure a globe of magical energy.
Something hits you!
* * * LOW HITPOINT WARNING * * *
Something hits you but does no damage.
Casting: Iskenderun's Battlesphere
Confirm with . or Enter, or press ? or * to list all spells.
Aiming: Iskenderun's Mystic Blast
Press: ? - help, Shift-Dir - straight line The orb of energy hits something.
The orb of energy explodes!
Something hits you but does no damage.
Your battlesphere fires!
The barrage of energy hits something.
Something hits you.
You die...

#...........................#
#...######......#######.......
#..†# #......# #....... #...#
#......# .# ... #...# #......#
... . ##...# #......# ....
.....# #......# ..... .....#
#....###......
.....######...*'@....... .
...............########## ..
#####.................... ...
#........####.###### ...
#........# #.# ...
####........# #.# ...
#...........# ### ...
#...........# . ####......###


You could see a friendly battlesphere.

Vanquished Creatures
  Erica (D:8)
  The ghost of Scuka the Thaumaturge, a novice GrEE of Vehumet (D:7)
  Pikel (D:6)
  An ugly thing (D:8)
  3 centaur skeletons
  The ghost of loralnil the Shield-Bearer, a novice GrFi (D:5)
  2 hellwings (D:7)
  Prince Ribbit (D:7)
  A hippogriff (D:8)
  A spriggan (D:7)
  Eustachio (D:6)
  A hungry ghost (D:8)
  A steam dragon (D:8)
  A hornet zombie (D:7)
  2 orc warriors (D:7)
  2 sky beasts
  2 ogres
  3 phantoms
  5 centaurs
  A black bear (D:9)
  A crocodile (D:8)
  A big kobold (D:8)
  Blork the orc (D:6)
  4 bullfrogs
  A wyvern zombie (D:7)
  A gnoll sergeant (D:7)
  2 scorpions (D:5)
  The ghost of Lionyx the Grave Robber, a weakling DsNe (D:3)
  A howler monkey (D:7)
  3 crimson imps
  4 centaur zombies
  5 jellies
  2 bullfrog zombies (D:9)
  5 orc priests
  Crazy Yiuf (D:6)
  6 hounds
  2 iguanas
  6 orc wizards
  6 worker ants
  A hound skeleton (D:4)
  A howler monkey zombie (D:7)
  10 gnolls
  3 worker ant zombies
  5 adders
  4 shadow imps (D:7)
  An ooze (D:1)
  3 worms
  2 dart slugs
  5 leopard geckos
  36 orcs
  4 ball pythons
  5 giant cockroaches
  11 goblins
  8 hobgoblins
  12 jackals
  12 kobolds
  2 quokkas (D:9)
  5 bats
  5 frilled lizards
  A jackal skeleton (D:4)
  A leopard gecko zombie (D:8)
  A quokka skeleton (D:7)
  A quokka zombie (D:5)
  8 rats
232 creatures vanquished.

Vanquished Creatures (others)
  2 withered plants (D:7)
2 creatures vanquished.

Grand Total: 234 creatures vanquished

Notes
Turn   | Place    | Note
-------+----------+-------------------------------------------
     0 | D:1      | lorenzova the Deep Elf Conjurer began the quest for the Orb.
     0 | D:1      | Reached XP level 1. HP: 10/10 MP: 6/6
   235 | D:1      | Reached XP level 2. HP: 15/15 MP: 2/8
   490 | D:1      | Reached skill level 5 in Conjurations
   594 | D:1      | Reached skill level 4 in Spellcasting
   594 | D:1      | Reached XP level 3. HP: 19/19 MP: 3/10
  1992 | D:3      | Reached XP level 4. HP: 24/24 MP: 8/12
  1998 | D:3      | Learned a level 4 spell: Iskenderun's Mystic Blast
  2280 | D:3      | Reached skill level 5 in Spellcasting
  2540 | D:3      | Reached XP level 5. HP: 28/28 MP: 7/14
  2694 | D:3      | Found a snail-covered altar of Cheibriados.
  3256 | D:3      | Noticed Lionyx's ghost (weakling DsNe)
  3260 | D:3      | Killed Lionyx's ghost
  3527 | D:3      | Reached skill level 6 in Spellcasting
  4162 | D:4      | Reached XP level 6. HP: 32/32 MP: 10/17
  4169 | D:4      | Learned a level 5 spell: Iskenderun's Battlesphere
  4367 | D:4      | Reached skill level 1 in Charms
  5054 | D:4      | Gained mutation: You can translocate small distances at will. [potion of beneficial mutation]
  5071 | D:5      | Entered Level 5 of the Dungeon
  5292 | D:5      | Reached skill level 7 in Spellcasting
  5428 | D:5      | Reached XP level 7. HP: 36/36 MP: 12/19
  5687 | D:5      | Noticed loralnil's ghost (novice GrFi)
  5692 | D:5      | Killed loralnil's ghost
  5692 | D:5      | Reached skill level 8 in Spellcasting
  5888 | D:5      | Found Kazxiel's Gadget Emporium.
  5898 | D:5      | Found a staircase to the Ecumenical Temple.
  5986 | Temple   | Entered the Ecumenical Temple
  6197 | Temple   | Became a worshipper of Vehumet
  6415 | D:5      | Reached XP level 8. HP: 41/41 MP: 21/22
  6746 | D:6      | Reached skill level 5 in Charms
  6812 | D:6      | Noticed Blork the orc
  6815 | D:6      | Noticed Eustachio
  6816 | D:6      | Killed Blork the orc
  6816 | D:6      | Reached skill level 9 in Spellcasting
  6821 | D:6      | Killed Eustachio
  7138 | D:6      | Noticed Pikel
  7145 | D:6      | Killed Pikel
  7145 | D:6      | Reached skill level 10 in Spellcasting
  7302 | D:6      | Reached XP level 9. HP: 45/45 MP: 25/25
  7459 | D:6      | Found a runed door.
  7544 | D:6      | Noticed Crazy Yiuf
  7546 | D:6      | Killed Crazy Yiuf
  7716 | D:7      | Noticed a hellwing
  7718 | D:7      | Noticed a hellwing
  7870 | D:7      | Reached * piety under Vehumet
  7870 | D:7      | Offered knowledge of Freeze by Vehumet.
  7870 | D:7      | Reached skill level 10 in Conjurations
  7894 | D:7      | Killed a hellwing
  7894 | D:7      | Reached skill level 11 in Spellcasting
  8338 | D:7      | Reached skill level 12 in Spellcasting
  8371 | D:7      | Noticed Scuka's ghost (novice GrEE)
  8374 | D:7      | Killed Scuka's ghost
  8374 | D:7      | Reached XP level 10. HP: 50/50 MP: 9/28
  8570 | D:7      | Found a sacrificial altar of Ru.
  8587 | D:7      | Noticed Prince Ribbit
  8592 | D:7      | Killed Prince Ribbit
  8999 | D:7      | Reached skill level 13 in Spellcasting
  9015 | D:7      | Reached ** piety under Vehumet
  9015 | D:7      | Offered knowledge of Throw Flame by Vehumet.
  9574 | D:7      | Found a shadowy altar of Dithmenos.
 10031 | D:8      | Found a shimmering altar of Xom.
 10228 | D:8      | Noticed a cyan ugly thing
 10232 | D:8      | Killed a cyan ugly thing
 10289 | D:8      | Offered knowledge of Static Discharge by Vehumet.
 10300 | D:8      | Noticed Erica
 10306 | D:8      | Killed Erica
 10306 | D:8      | Reached skill level 14 in Spellcasting
 10306 | D:8      | Reached skill level 10 in Charms
 10306 | D:8      | Reached XP level 11. HP: 40/54 MP: 28/31
 10694 | D:9      | Found a large runed door.
 10695 | D:9      | Found a large runed door.
 10809 | D:9      | Reached *** piety under Vehumet
 11002 | D:9      | HP: 1/54 [something (7)]
 11003 | D:9      | Slain by an unseen horror

Skill      XL: |  1  2  3  4  5  6  7  8  9 10 |
---------------+-------------------------------+-----
Conjurations   | 5 6 7 8 9 11 12 | 12.5
Spellcasting   | 4 5 6 7 8 10 12 14 | 14.1
Charms         | 3 4 6 8 10 | 10.2
Dodging        | |  2.4
Stealth        | |  2.4

Action                   |  1- 3 |  4- 6 |  7- 9 | 10-12 || total
-------------------------+-------+-------+-------+-------++-------
Melee: Dagger            |       |       |     3 |     5 ||     8
 Cast: Magic Dart        |    95 |   125 |   102 |   111 ||   433
       Iskenderun's Myst |       |    19 |    30 |    26 ||    75
       Iskenderun's Batt |       |       |    23 |    32 ||    55
Evoke: Wand              |       |       |     1 |       ||     1
  Use: Scroll            |       |     4 |       |     1 ||     5
       Potion            |       |     1 |       |       ||     1
  Eat: Chunk             |     3 |    13 |    12 |     9 ||    37
       Royal jelly       |       |       |     1 |       ||     1
Armor: Robe              |     1 |     2 |     1 |       ||     4
       Leather armour    |       |       |    12 |    22 ||    34
Dodge: Dodged            |     9 |     8 |    17 |    11 ||    45
       Rpst.: Falchion   |       |       |     3 |       ||     3
